[Event "Live Chess"]
[Site "Chess.com"]
[Date "2023.05.21"]
[Round "-"]
[White "minenko-1958"]
[Black "EdenHazard8"]
[Result "0-1"]
[WhiteElo "1475"]
[BlackElo "1964"]
[TimeControl "300"]
[EndTime "0:02:24 PDT"]
[Termination "EdenHazard8 won by resignation"]

1. e4 e5 2. Nf3 Nc6 3. c3 Nf6 4. d3 Bc5 5. h3 d6 6. Be2 O-O 7. O-O h6 8. Nh2 Bb6 9. Be3 Be6 10. Bxb6 axb6 11. f4 Rxa2 12. Rxa2 Bxa2 13. f5 Qa8 14. Na3 Na5 15. Qe1 Bb3 16. Qg3 Qa7 17. Ng4 Nxg4 18.
Qxg4 b5+ 19. Kh1 c6 20. f6 g6 21. Qh4 Qe3 22. Qf2 Qxf2 23. Rxf2 Be6 24. g4 Nb3 25. h4 Nc1 26. g5 Nxe2 27. Rxe2 h5 28. Nc2 Ra8 29. Ne3 Ra1+ 30. Kg2 Ra2 31. Kf2 b4 32. cxb4 Ra4 33. b5 cxb5 34. Rc2 Kf8 35. Nd5 Ke8 36. Nc7+ Kd7 37. Nxb5 Rb4 38. Rc7+ Kd8 39. Rxb7 Rxb2+ 40. Ke3 d5 41. exd5 Bxd5 42. Rb8+ Kd7 43. d4 Bc6 44. d5 Bxb5 45. Rb7+ Kd6 46. Rxf7 Kxd5 47. Rg7 Ke6 48.
Rxg6 Rb3+ 49. Kd2 Rd3+ 50. Kc2 Rf3 51. Rh6 Be8 52. Rh8 Bg6+ 53. Kd2 e4 54. Ke2 Rf4 55. Rg8 Kf5 56. Ke3 Rxh4 57. Rg7 Rh3+ 58. Kf2 Kxg5 59. f7 Rf3+ 60. Ke2 Rxf7 61. Rg8 h4 62. Ke3 h3 63. Rh8 Rf3+ 64. Ke2 Kg4 65. Rh6 Bf5 66.
Rh8 Kg3 67. Rg8+ Bg4 68. Rh8 h2 69. Ke1 Re3+ 70. Kf1 Ra3 71. Ke1 h1=Q+ 72. Rxh1 Ra1+ 73. Kd2 Rxh1 74. Ke3 Re1+ 75. Kd4 Re2 0-1

[Event "Live Chess"]
[Site "Chess.com"]
[Date "2023.05.21"]
[Round "-"]
[White "BillythekidFellowes"]
[Black "Tushinskiy"]
[Result "1-0"]
[WhiteElo "2025"]
[BlackElo "2165"]
[TimeControl "300"]
[EndTime "0:02:25 PDT"]
[Termination "BillythekidFellowes won by resignation"]

1. e4 e5 2. Nf3 d6 3. Bc4 Bg4 4. d4 Nd7 5. dxe5 dxe5 6. Qd5 Be6 7.
Qb5 Bxc4 8. Qxc4 c6 9. Nc3 Ngf6 10. Be3 Qc7 11. O-O-O Qa5 12. Ng5 O-O-O 13. Nxf7 Be7 14. Nxh8 Rxh8 15. f3 Bb4 16. Rd3 Nb6 17. Bxb6 axb6 18. Rhd1 Re8 19. Nd5 Nxd5 20. Rxd5 Bc5 21. Rd7 Rf8 22.
Qe6 Kb8 23. Rd8+ Rxd8 24. Rxd8+ Ka7 25. c3 b5 26. Qc8 Kb6 27. Rd7 Qa7 28. Qc7+ Ka6 29.
Qxe5 Bg1 30. a4 bxa4 31. Qe6 Qe3+ 32. Kb1 Qe2 33. Ka2 Bc5 34. Rxg7 h5 35. Qf7 Qb5 36. g4 hxg4 37. fxg4 Be3 38. h4 Bc1 39. Qf2 Qc4+ 40.
Kb1 Bh6 41. Re7 Qb3 42. Qe2+ Ka7 43. g5 Bf8 44. Rd7 a3 45. g6 axb2 46. Qxb2 Qd1+ 47. Rxd1 1-0

[Event "Live Chess"]
[Site "Chess.com"]
[Date "2023.05.21"]
[Round "-"]
[White "Ian-Morley"]
[Black "YichenLFC"]
[Result "1-0"]
[WhiteElo "1038"]
[BlackElo "826"]
[TimeControl "300"]
[EndTime "0:02:29 PDT"]
[Termination "Ian-Morley won by checkmate"]

1. e4 e5 2. d4 exd4 3. Qxd4 Nc6 4. Qd1 Nf6 5. Bb5 a6 6. Bxc6 dxc6 7. Qxd8+ Kxd8 8. Bg5 Be7 9. Bxf6 Bxf6 10. c3 Be6 11.
Nd2 Re8 12. O-O-O Ke7 13. Ndf3 Kf8 14. e5 Bd8 15. h4 Bxa2 16. g4 Be7 17. Ne2 Bb3 18.
Rd2 Bd5 19. Rh3 Bxf3 20. Rxf3 Bxh4 21. Rd7 Bg5+ 22. Kc2 f6 23. Rxc7 Rxe5 24. Rd3 Rxe2+ 25. Kb3 f5 26. Rdd7 Bf6 27. Rf7+ Ke8 28. g5 Bxg5 29. Rxg7 Re4 30. Rg8# 1-0

[Event "Live Chess"]
[Site "Chess.com"]
[Date "2023.05.21"]
[Round "-"]
[White "Singapourfeuj"]
[Black "pseudocyst"]
[Result "1-0"]
[WhiteElo "2224"]
[BlackElo "1917"]
[TimeControl "300"]
[EndTime "0:02:49 PDT"]
[Termination "Singapourfeuj won by resignation"]

1. d4 d5 2. Nf3 Nc6 3. c4 Bf5 4. cxd5 Qxd5 5. Nc3 Qd8 6. e4 Bg4 7. Be3 e5 8. d5 Nce7 9. Bb5+ c6 10. dxc6 bxc6 11.
Qxd8+ Rxd8 12. Ba4 Bxf3 13. gxf3 g6 14. Bxa7 1-0

[Event "Live Chess"]
[Site "Chess.com"]
[Date "2023.05.21"]
[Round "-"]
[White "matt1979"]
[Black "CroasArRheun"]
[Result "1-0"]
[WhiteElo "1534"]
[BlackElo "1810"]
[TimeControl "300"]
[EndTime "0:03:04 PDT"]
[Termination "matt1979 won on time"]

1. f4 d5 2. e3 Nh6 3. Nf3 Nf5 4. Be2 Nc6 5. O-O e6 6. b3 Bc5 7. d4 Bb6 8. a4 a5 9. c3 Bd7 10. Ba3 Nce7 11. Qd3 O-O 12. g4 Nd6 13. Ng5 Ng6 14. h4 h6 15. h5 hxg5 16. hxg6 fxg6 17. Qxg6 gxf4 18. Bd3 Ne4 19. Bxe4 dxe4 20. Bxf8 Qxf8 21. Qxe4 c6 22. Rxf4 Qe7 23. Nd2 Qh4 24. Qf3 Bc7 25.
Rf7 Qh2+ 26. Kf1 Rd8 27. Ne4 e5 28. Ng3 Bxg4 29. Rxg7+ Kxg7 30. Qxg4+ Kf7 31. Qf5+ Ke7 32. Qg5+ Kd7 33. Qf5+ Ke7 34. Qg5+ Kd7 35. Qg7+ Ke6 36. d5+ cxd5 37. Qg6+ Kd7 38. Qf7+ Kc6 39. Qf6+ Bd6 40. Nf5 Qh1+ 41. Ke2 Qxa1 42. Ne7+ 1-0

[Event "Live Chess"]
[Site "Chess.com"]
[Date "2023.05.21"]
[Round "-"]
[White "Denz14"]
[Black "ProfPoisson"]
[Result "0-1"]
[WhiteElo "1031"]
[BlackElo "1189"]
[TimeControl "300"]
[EndTime "0:03:05 PDT"]
[Termination "ProfPoisson won by resignation"]

1. e4 e5 2. Nf3 Nf6 3. Nc3 Nc6 4. Bc4 Nxe4 5. Qe2 Nxc3 6. bxc3 Bd6 7. d4 O-O 8. dxe5 Nxe5 9. Nxe5 Bxe5 10. O-O Bxc3 11. Rb1 d5 12. Bd3 d4 13. Qh5 g6 14. Qc5 b6 15. Qe5 Re8 16. Qg3 Qd6 17. Qh3 Bxh3 0-1

[Event "Live Chess"]
[Site "Chess.com"]
[Date "2023.05.21"]
[Round "-"]
[White "rmethornhill"]
[Black "Driftboard"]
[Result "0-1"]
[WhiteElo "1156"]
[BlackElo "812"]
[TimeControl "300"]
[EndTime "0:03:08 PDT"]
[Termination "Driftboard won on time"]

1. d4 d5 2. c4 dxc4 3. e3 Nf6 4.
Bxc4 Nc6 5. Nf3 Bg4 6. O-O Bxf3 7.
Qxf3 e6 8. Bd2 Bb4 9. a3 Bxd2 10. Nxd2 O-O 11. b4 Rb8 12. Rac1 a5 13. b5 Na7 14. a4 c6 15. Ra1 cxb5 16. Bxb5 Nxb5 17. axb5 b6 18. Nc4 Nd5 19. e4 Ne7 20. Rfd1 Ng6 21.
d5 exd5 22. Rxd5 Qc7 23. Ne3 Ne5 24. Qh5 Ng6 25. h3 Nf4 26. Qg4 Nxd5 27. Nf5 g6 28. Rd1 Nc3 29. Rd2 Nxb5 30. h4 Qc1+ 31. Rd1 Qc6 32.
h5 Kh8 33. Ne7 Qe6 34. Qg5 gxh5 35. Nf5 Qg6 36. Qe7 Rbe8 37. Qd7 Nc3 38. Rd6 Ne2+ 39.
Kf1 Qxd6 40. Nxd6 Rxe4 41. Nxf7+ Rxf7 42. Qxf7 Nd4 43. Qf6+ Kg8 44. Qd8+ Kf7 45. Qd7+ Kf6 46. Qd6+ Kg5 47. Qd8+ Kg4 48. Qg8+ Kf5 49. Qc8+ Ke5 50.
Qe8+ Kf6 51. Qd8+ Kg6 52. Qxb6+ Kf7 53. Qb7+ Ke8 0-1

[Event "Live Chess"]
[Site "Chess.com"]
[Date "2023.05.21"]
[Round "-"]
[White "febray_27"]
[Black "smoggyrabbit"]
[Result "1-0"]
[WhiteElo "2006"]
[BlackElo "1731"]
[TimeControl "300"]
[EndTime "0:03:11 PDT"]
[Termination "febray_27 won on time"]

1. Nf3 e6 2. d4 Nf6 3. g3 h6 4. Bg2 Bb4+ 5. c3 Be7 6. O-O O-O 7. c4 d5 8. Nc3 c6 9. Re1 Ne4 10. Qc2 f5 11. Ne5 dxc4 12. Nxe4 fxe4 13. Qxe4 Rf6 14. Nxc4 Qf8 15. Be3 Bb4 16. Rf1 Nd7 17. Ne5 Nxe5 18.
dxe5 Rf7 19. a3 Ba5 20. b4 Bc7 21. Bc5 Qd8 22. Rad1 Qg5 23. f4 Qf5 24. Qxf5 Rxf5 25. Be4 Rf7 26. Bg6 Rd7 27. Bd6 Bb6+ 28. Kg2 a5 29.
Be8 Rd8 30. Bg6 axb4 31. axb4 Ra2 32. Bd3 Bd7 33. Ra1 Rda8 34. Rxa2 Rxa2 35. Kf3 Ba7 36. Rd1 b6 37. Bg6 c5 38. bxc5 bxc5 39. Be7 Bc6+ 40. Kg4 Bb6 41. Rd6 Rxe2 42. Rxc6 h5+ 43. Kxh5 Rxh2+ 44. Kg4 Rd2 45. Rxb6 1-0

[Event "Live Chess"]
[Site "Chess.com"]
[Date "2023.05.21"]
[Round "-"]
[White "Duke_of_Bebington"]
[Black "1PRK1"]
[Result "1-0"]
[WhiteElo "1585"]
[BlackElo "1358"]
[TimeControl "300"]
[EndTime "0:03:32 PDT"]
[Termination "Duke_of_Bebington won on time"]

1. e4 c5 2. c3 d5 3. exd5 Qxd5 4. d4 cxd4 5. cxd4 Nc6 6. Nf3 Bg4 7. Be2 O-O-O 8. Nc3 Qa5 9. h3 Bxf3 10. Bxf3 Rxd4 11. Qb3 Qe5+ 12. Be3 e6 13. Bxc6 bxc6 14. Rc1 Rb4 15. Qc2 Ne7 16. O-O Nf5 17. Ne4 Qxe4 18. Qxe4 Rxe4 19.
Bxa7 Kb7 20. Bc5 Bxc5 21. Rxc5 Rc8 22. Rfc1 Nd4 23. Kf1 Re2 24. R5c4 e5 25. Rxd4 Rxb2 26. Re4 f6 27. Ra4 Ra8 28. Rxa8 Kxa8 29. Rxc6 Rxa2 30. Rc7 Ra7 31. Rc1 Kb7 32. Ke2 Ra6 33. g3 Rc6 34. Rb1+ Kc7 35. Rd1 Rd6 36. Rc1+ Kd7 37. Ra1 Ke6 38.
Ke3 g5 39. Ra4 h5 40. Ra7 f5 41. Rh7 f4+ 42. gxf4 exf4+ 43. Kf3 Rd3+ 44. Kg2 h4 45. Rh6+ Kf5 46. Rc6 f3+ 47. Kh2 Rd2 48. Rc5+ Kf4 49.
Rc4+ Kf5 50. Kg1 Rd1+ 51. Kh2 Rd2 52. Rc5+ Kf4 53. Kg1 1-0

[Event "Live Chess"]
[Site "Chess.com"]
[Date "2023.05.21"]
[Round "-"]
[White "Crowded_House"]
[Black "mirandaasilva"]
[Result "0-1"]
[WhiteElo "1673"]
[BlackElo "1638"]
[TimeControl "300"]
[EndTime "0:04:34 PDT"]
[Termination "mirandaasilva won by resignation"]

1. d4 d5 2. Bg5 c5 3. c3 cxd4 4. Qxd4 b6 5. Nf3 Bb7 6. e3 Nc6 7. Bb5 a6 8. Bxc6+ Bxc6 9. O-O Nf6 10. Ne5 Bb7 11. Rd1 e6 12. Nd2 Be7 13. Nb3 Rc8 14.
Rac1 O-O 15. c4 dxc4 16. Qxd8 Rfxd8 17. Rxd8+ Bxd8 18. Rxc4 Rxc4 19. Nxc4 h6 20. Bxf6 gxf6 21. Nd6 Bd5 22. e4 Bxb3 23. axb3 b5 24. Kf1 Kf8 25. Nb7 Bc7 26. Nc5 a5 27. h3 Be5 28.
Nb7 a4 29. bxa4 bxa4 30. Nc5 Bxb2 31. Nxa4 Be5 32. Ke2 Ke7 33. Nc5 Bd4 34. Nd3 Ba7 35.
f3 Bb8 36. Nf4 Bxf4 0-1

[Event "Live Chess"]
[Site "Chess.com"]
[Date "2023.05.21"]
[Round "-"]
[White "BillythekidFellowes"]
[Black "Doge_Dandolo"]
[Result "1-0"]
[WhiteElo "2030"]
[BlackElo "1887"]
[TimeControl "300"]
[EndTime "0:04:39 PDT"]
[Termination "BillythekidFellowes won by resignation"]

1. e4 c6 2. c4 d5 3. exd5 cxd5 4. d4 Nf6 5. Nc3 e6 6. Nf3 Bb4 7. Bg5 O-O 8. Bd3 dxc4 9. Bxc4 Bd7 10. O-O Bc6 11. Ne5 h6 12. Bh4 Bxc3 13. bxc3 Bd5 14. Bd3 Nbd7 15. f4 Qc7 16. c4 Bc6 17. Bc2 Rac8 18.
Qd3 a6 19. Nxd7 1-0

[Event "Live Chess"]
[Site "Chess.com"]
[Date "2023.05.21"]
[Round "-"]
[White "LutherSullivan"]
[Black "JoeRoot66"]
[Result "0-1"]
[WhiteElo "2138"]
[BlackElo "1937"]
[TimeControl "300"]
[EndTime "0:04:59 PDT"]
[Termination "JoeRoot66 won on time"]

1. e4 c6 2. d4 d5 3. Nd2 dxe4 4. Nxe4 Nf6 5. Nxf6+ exf6 6. c3 Bd6 7. Bd3 O-O 8. Qc2 Re8+ 9. Ne2 h5 10. Be3 Nd7 11.
O-O-O Nf8 12. Kb1 Bg4 13. Nf4 Bxd1 14. Qxd1 g6 15. g4 h4 16. Qb3 Bxf4 17. Bxf4 Qd5 18. Qxd5 cxd5 19. f3 Ne6 20. Bd2 g5 21. Kc2 Rac8 22.
Kb3 a6 23. a4 Nc7 24. Bf5 Ne6 25. Rf1 Rc7 26. Re1 Rce7 27. Rf1 Nf4 28. Bxf4 gxf4 29. Rg1 Re2 30. g5 Kg7 31. h3 Rf2 32. g6 Ree2 33. gxf7+ Kxf7 34. Kb4 b6 35. b3 Rg2 36.
Rc1 Rg5 37. Bd3 Re3 38. Bxa6 Rxf3 39. Bc8 f5 40. Re1 Re3 41. Rf1 f3 42. Bb7 f4 43.
Kb5 Rxc3 44. b4 Rd3 45. Kxb6 Rg3 46. Bxd5+ Ke7 0-1

[Event "Live Chess"]
[Site "Chess.com"]
[Date "2023.05.21"]
[Round "-"]
[White "HoarseyHorsey"]
[Black "Biranidun"]
[Result "0-1"]
[WhiteElo "1447"]
[BlackElo "2571"]
[TimeControl "300"]
[EndTime "0:05:01 PDT"]
[Termination "Biranidun won by resignation"]

1. d4 Nf6 2. c4 g6 3. f3 Bg7 4.
Nc3 d6 5. e4 O-O 6. Nge2 c5 7.
d5 e6 8. Be3 exd5 9. cxd5 a6 10. a4 Nbd7 11. Ng3 h5 12. Bg5 Qb6 13. Qd2 Nh7 14. Bh4 Ne5 15. Be2 c4 16. O-O-O Qb3 17. Rhf1 b5 18. f4 Nd3+ 19. Bxd3 cxd3 20. Qxd3 b4 21. Qc2 Qxc2+ 22. Kxc2 bxc3 23. bxc3 Bd7 24. Rb1 Bxa4+ 25. Kd3 Rfc8 26. c4 Rab8 27. Be7 Bf8 28. Bh4 Bb3 29. Kd4 Rxc4+ 30. Kd3 Rcb4 31. e5 Bc4+ 32. Kc3 0-1

[Event "Live Chess"]
[Site "Chess.com"]
[Date "2023.05.21"]
[Round "-"]
[White "CeladonFish"]
[Black "AttackingSnowLeopard"]
[Result "0-1"]
[WhiteElo "1073"]
[BlackElo "2191"]
[TimeControl "300"]
[EndTime "0:05:06 PDT"]
[Termination "AttackingSnowLeopard won by resignation"]

1. d4 d5 2. c4 c6 3. Nc3 Nf6 4. cxd5 cxd5 5. Bf4 Nc6 6. Nf3 Bf5 7. e3 e6 8. Bd3 Bxd3 9. Qxd3 Bd6 10. Ne5 O-O 11. Nb5 Bxe5 12. Bxe5 Nxe5 13. dxe5 Qa5+ 14. Nc3 Ne4 15. Rc1 Rac8 16. O-O Nxc3 17. bxc3 Rc4 18. Rc2 Qc7 19. Rb1 b6 20. f4 Rc8 21. Rb3 Qc5 22.
Kf2 a5 23. Kf3 a4 24. Ra3 b5 25. Ke2 g6 26. Qd1 Qxa3 0-1

[Event "Live Chess"]
[Site "Chess.com"]
[Date "2023.05.21"]
[Round "-"]
[White "martynstanley"]
[Black "seasidecastle27"]
[Result "0-1"]
[WhiteElo "988"]
[BlackElo "1795"]
[TimeControl "300"]
[EndTime "0:05:07 PDT"]
[Termination "seasidecastle27 won by checkmate"]

1. d4 d5 2. e3 e6 3. Bd3 f5 4. f4 Nf6 5. Nf3 Nbd7 6. O-O Be7 7. Ne5 Nxe5 8. fxe5 Ne4 9. Nd2 O-O 10. Rf3 c5 11. c3 cxd4 12. exd4 Bd7 13. Rh3 g6 14. Bc2 Bb5 15.
Nxe4 dxe4 16. Be3 Rc8 17. Qd2 Rf7 18. Bh6 Bf8 19. Bxf8 Qxf8 20. Qh6 Qxh6 21. Rxh6 Kg7 22. Rh3 Bc6 23. Re3 b5 24. Kf2 f4 25. Ree1 e3+ 26.
Ke2 Bxg2 27. a4 b4 28. Bd3 bxc3 29. bxc3 Rxc3 30. Rec1 Rfc7 31. Rxc3 Rxc3 32. Rd1 Ra3 33. a5 Ra2+ 34. Ke1 f3 35. Bf1 f2# 0-1

[Event "Live Chess"]
[Site "Chess.com"]
[Date "2023.05.21"]
[Round "-"]
[White "Davidagye"]
[Black "Ferrarifan27"]
[Result "0-1"]
[WhiteElo "1669"]
[BlackElo "2059"]
[TimeControl "300"]
[EndTime "0:05:33 PDT"]
[Termination "Ferrarifan27 won by resignation"]

1. b4 d5 2. Bb2 Nf6 3. Nf3 Bf5 4. e3 e6 5. a3 Be7 6. c4 O-O 7. d4 c6 8. Nbd2 Nbd7 9. Be2 a5 10.
b5 h6 11. a4 Bb4 12. O-O Re8 13. Ba3 Bxa3 14. Rxa3 Qe7 15. c5 e5 16. Qb3 exd4 17.
Nxd4 Nxc5 18. Nxf5 Qe5 19. Qc2 Nce4 20. Nxe4 Nxe4 21.
Ng3 Qe7 22. Rb3 c5 23. Nxe4 dxe4 24. Qc4 b6 25. Rd1 Rad8 26. Rbb1 Qe5 27. Qb3 h5 28. Bc4 Qf6 29. Rxd8 Rxd8 30. Rd1 Rxd1+ 31. Qxd1 h4 32. h3 Qc3 33. Qd5 Qe1+ 34. Kh2 Qxf2 35. Qd8+ Kh7 36. Qd1 Qg3+ 37. Kg1 Qxe3+ 38. Kh1 Qf2 39. Qh5+ Kg8 40. Qxf7+ Qxf7 41. Bxf7+ Kxf7 42. Kg1 Ke6 43. Kf2 Kd5 44. Ke3 Ke5 0-1

[Event "Live Chess"]
[Site "Chess.com"]
[Date "2023.05.21"]
[Round "-"]
[White "Singapourfeuj"]
[Black "Ian-Morley"]
[Result "1-0"]
[WhiteElo "2224"]
[BlackElo "1038"]
[TimeControl "300"]
[EndTime "0:05:39 PDT"]
[Termination "Singapourfeuj won by resignation"]

1. d4 e5 2. dxe5 Nc6 3. Nf3 Qe7 4. e3 Qb4+ 5. c3 Qe7 6. Be2 d6 7. Nbd2 dxe5 8. e4 Nf6 9. h3 g6 10. O-O Bh6 11. Bb5 Bxd2 12. Bxd2 Nxe4 13. Re1 Nxd2 14.
Bxc6+ bxc6 15. Nxe5 O-O 16. Qxd2 f6 17. Nxc6 Qd6 18.
Ne7+ Kg7 19. Qxd6 cxd6 20. Nxc8 Raxc8 21. Rad1 Rc6 22. Re7+ Rf7 23. Rxf7+ Kxf7 24. b3 Ke6 25. c4 a5 26. Kf1 f5 27. Ke2 Rc5 28. f4 d5 29. cxd5+ Rxd5 30. Rxd5 Kxd5 31. Kd3 h6 32. g3 g5 33. a3 gxf4 34. gxf4 h5 35. h4 Kc5 36. Kc3 Kd5 37. b4 axb4+ 38. axb4 Kc6 39. Kd4 Kb5 40. Ke5 Kxb4 41. Kxf5 Kc5 42. Kg6 Kd6 43.
f5 1-0

[Event "Live Chess"]
[Site "Chess.com"]
[Date "2023.05.21"]
[Round "-"]
[White "MaximKris"]
[Black "MarkLim1"]
[Result "1-0"]
[WhiteElo "1832"]
[BlackElo "1680"]
[TimeControl "300"]
[EndTime "0:05:44 PDT"]
[Termination "MaximKris won by resignation"]

1. e4 e6 2. Nf3 d5 3. exd5 exd5 4.
d4 Bd6 5. Bd3 Nc6 6. O-O Nge7 7.
Re1 Bg4 8. Nc3 Qd7 9. Nxd5 O-O-O 10. Nxe7+ Bxe7 11. h3 Bxf3 12. Qxf3 Nxd4 13. Qd1 Nc6 14. Bf4 f6 15. a4 g5 16. Bh2 h5 17. Qf3 Kb8 18. Bb5 g4 19. Bxc6 bxc6 20. Qb3+ Ka8 21. h4 Bd6 22. Bxd6 cxd6 23. Qe6 f5 24. Qxd7 Rxd7 25. Rad1 Rf8 26. Re6 Kb7 27. Rexd6 Rxd6 28. Rxd6 f4 29. Rh6 f3 30. gxf3 gxf3 31. Rxh5 Rd8 32. Rh7+ Kb6 33. Kh2 Rd2 34. Kg3 Rxc2 35. Kxf3 Rxb2 36.
Rh8 Rb3+ 37. Kg4 Rb4+ 38. f4 Rxa4 39. h5 Ra1 40. h6 c5 41. h7 Rg1+ 42. Kf5 1-0

[Event "Live Chess"]
[Site "Chess.com"]
[Date "2023.05.21"]
[Round "-"]
[White "Nazar_777"]
[Black "Shepherds_Pie"]
[Result "0-1"]
[WhiteElo "1607"]
[BlackElo "1928"]
[TimeControl "300"]
[EndTime "0:05:46 PDT"]
[Termination "Shepherds_Pie won by checkmate"]

1. e3 Nf6 2. h4 h5 3. a3 b6 4. c4 Bb7 5. Nf3 e6 6. Be2 c5 7. Nc3 Be7 8. Qc2 d5 9. cxd5 exd5 10. b3 Nbd7 11. Bb2 a6 12. Rc1 Qc7 13. Ng5 Rc8 14. Bf3 d4 15. Nce4 Nxe4 16. Bxe4 Bxe4 17.
Qxe4 Nf6 18. Qc2 Qe5 19. b4 Qd5 20. Nf3 O-O 21. Rg1 d3 22. Qc3 Qd7 23. g4 cxb4 24. Qe5 Rxc1+ 25. Bxc1 Nxg4 26. Qa1 bxa3 27. Ne5 Nxe5 28.
Qxe5 g6 29. f4 Bxh4+ 30. Kf1 Qh3+ 31. Rg2 Qf3+ 32. Kg1 Qd1+ 33. Kh2 Qxc1 34. f5 g5 35. f6 Qc5 36. Qe4 Qd6+ 37. Kh1 Rc8 38. Qxh4 Rc1+ 39. Rg1 Rxg1+ 40. Kxg1 gxh4 41. Kf2 Qg3+ 42. Kf1 h3 43. e4 h2 44. e5 h1=Q# 0-1

[Event "Live Chess"]
[Site "Chess.com"]
[Date "2023.05.21"]
[Round "-"]
[White "raminguy"]
[Black "Hacker_2009"]
[Result "1-0"]
[WhiteElo "1937"]
[BlackElo "1943"]
[TimeControl "300"]
[EndTime "0:05:52 PDT"]
[Termination "raminguy won by resignation"]

1. d4 Nf6 2. Nc3 d5 3. Bf4 e6 4. Nb5 Bd6 5. Nxd6+ cxd6 6. e3 Nc6 7. Nf3 Qe7 8. Be2 e5 9. Bg3 e4 10. Nd2 O-O 11.
O-O b6 12. c4 dxc4 13. Nxc4 d5 14. Bd6 Qd7 15. Bxf8 Kxf8 16. Nd2 Bb7 17. Rc1 Rc8 18. Bb5 Qd6 19. a3 a6 20. Bxc6 Rxc6 21. Rxc6 Bxc6 22.
Qc2 Bb5 23. Rc1 Bd3 24. Qc8+ Ne8 25. Rc6 Qe7 26. Rxb6 Qa7 27. Rb8 Bb5 28. Nb3 Bd7 29. Qb7 Qxb7 30. Rxb7 Bb5 31. Rb8 Ke7 32. Nc5 Nd6 33.
b3 Be2 34. a4 h6 35. Ra8 g5 36. Nxa6 f5 37. Nc5 f4 38. Ra7+ Kf6 39. Rh7 Nf5 40. a5 fxe3 41. fxe3 Nxe3 42. a6 Bxa6 43. Nxa6 Nf5 44.
b4 Nxd4 45. Rxh6+ Kf5 46. Nc7 e3 47. Kf1 Ke4 48. Ne6 Kd3 49. Nxd4 Kxd4 50. Ke2 1-0

[Event "Live Chess"]
[Site "Chess.com"]
[Date "2023.05.21"]
[Round "-"]
[White "AttackingSnowLeopard"]
[Black "martynstanley"]
[Result "1-0"]
[WhiteElo "2191"]
[BlackElo "988"]
[TimeControl "300"]
[EndTime "0:06:12 PDT"]
[Termination "AttackingSnowLeopard won by checkmate"]

1. d4 e6 2. c4 d5 3. Nf3 c5 4. Nc3 Nc6 5. cxd5 exd5 6. g3 Nge7 7. Bg2 Qb6 8. dxc5 Qxc5 9. Be3 d4 10. Nxd4 Nxd4 11.
Bxd4 Qd6 12. O-O Rb8 13. Nb5 Qd7 14. Bxa7 Ra8 15. Bb6 Rb8 16. Nc7+ Qxc7 17. Bxc7 Ra8 18. Qd8# 1-0

[Event "Live Chess"]
[Site "Chess.com"]
[Date "2023.05.21"]
[Round "-"]
[White "Supertromp"]
[Black "nigelst"]
[Result "1-0"]
[WhiteElo "2133"]
[BlackElo "1699"]
[TimeControl "300"]
[EndTime "0:06:26 PDT"]
[Termination "Supertromp won by resignation"]

1. e4 c6 2. d4 d5 3. exd5 cxd5 4.
Bd3 Nf6 5. Bf4 Nc6 6. c3 Bg4 7. Qb3 Na5 8. Qa4+ Bd7 9. Qc2 Rc8 10. Nf3 Qb6 11. O-O Bb5 12. Bxb5+ Qxb5 13. Na3 Qb6 14.
Ne5 e6 15. b4 Nc6 16. Nb1 Nxd4 17. Qa4+ Nc6 18. Be3 Qc7 19. Nxc6 bxc6 20. Qxa7 Qxa7 21.
Bxa7 Bd6 22. Nd2 O-O 23. Nb3 Ne4 24. Rac1 Ra8 25. Bc5 Bxc5 26. bxc5 Rxa2 27. f3 Nd2 28. Nxd2 Rxd2 29. Rf2 Rxf2 30. Kxf2 Rb8 31. Ke3 g6 32. g4 Kg7 33. g5 Rb2 34. Kf4 Rxh2 35. Ke5 Ra2 36. Kd6 Ra6 37. Rb1 f6 38. Rb6 Ra7 39.
Kxc6 fxg5 40. Rb7+ Rxb7 41. Kxb7 h5 42. c6 h4 43. c7 1-0

[Event "Live Chess"]
[Site "Chess.com"]
[Date "2023.05.21"]
[Round "-"]
[White "KeithArkell"]
[Black "diana21strabt"]
[Result "1-0"]
[WhiteElo "2555"]
[BlackElo "1718"]
[TimeControl "300"]
[EndTime "0:06:28 PDT"]
[Termination "KeithArkell won by resignation"]

1. d4 Nf6 2. Nf3 g6 3. c4 Bg7 4.
g3 O-O 5. Nc3 e6 6. Bg2 d5 7. cxd5 Nxd5 8. O-O c6 9. Bg5 Bf6 10.
Bxf6 Qxf6 11. e4 Nxc3 12. bxc3 Nd7 13. e5 Qe7 14. Qd2 Nb6 15. Rfe1 Nc4 16. Qh6 f6 17. exf6 Rxf6 18. Re2 Bd7 19. Rae1 Raf8 20. Ng5 Nd6 21. Bh3 Nf5 22. Bxf5 gxf5 23. Qh4 Re8 24. Nf3 Rf7 25. Qxe7 Rfxe7 26. Ne5 Bc8 27. Nc4 Rd8 28. a4 Kf7 29. a5 Kf6 30. Ne5 Rd5 31. a6 bxa6 32. Nxc6 Rc7 33. Nb4 Ra5 34. Rc2 Ra3 35. Rec1 a5 36.
Nd3 Ba6 37. Nc5 Bc4 38. Re1 Rc6 39. Nd7+ Ke7 40. Ne5 Rc7 41. Nxc4 Rxc4 42. Rce2 Rc6 43. d5 Rd6 44. Rxe6+ Rxe6 45. Rxe6+ Kd7 46. c4 Rc3 47. Ra6 Rxc4 48. Rxa7+ Kd6 49. Rxa5 Rc5 50. Ra6+ Kxd5 51. Ra7 h6 52. Rd7+ Ke6 53. Rh7 f4 54.
Rxh6+ Kf5 55. Rh5+ 1-0

[Event "Live Chess"]
[Site "Chess.com"]
[Date "2023.05.21"]
[Round "-"]
[White "chessfiction"]
[Black "YrrriKharkiv"]
[Result "1-0"]
[WhiteElo "2350"]
[BlackElo "2049"]
[TimeControl "300"]
[EndTime "0:06:32 PDT"]
[Termination "chessfiction won on time"]

1. e4 Nf6 2. e5 Nd5 3. Nc3 Nb6 4. a4 a5 5. Nf3 d6 6. d4 g6 7. h4 h5 8. Bd3 Bg7 9. Bg5 Nc6 10. Qe2 Bg4 11.
Bb5 O-O 12. O-O-O d5 13. Qe3 Nc4 14. Bxc4 dxc4 15. d5 Bxf3 16. dxc6 Bxd1 17. Rxd1 Qc8 18. Nd5 Kh7 19. Nxe7 Qe6 20. cxb7 Rab8 21. Qf3 Qxe5 22.
c3 Qe6 23. Nc6 Rxb7 24. Nd8 Rxd8 25. Rxd8 Qb6 26. Rd2 c5 27. g4 hxg4 28. Qxg4 Qe6 29. Qd1 Bh6 30. Re2 Qf5 31. Qd2 Bxg5 32. hxg5 Rd7 33. Qe3 Qg4 34. f3 Qh3 35. Qf2 Kg7 36. Qe3 Qf5 37. Qe5+ Qxe5 38. Rxe5 Rc7 39. f4 f6 40.
gxf6+ Kxf6 41. Kd2 Rc6 42. Rd5 Ke6 43. Rg5 Kf6 44. Ke3 Re6+ 45. Kf3 Rc6 46. Ke4 Rc8 47. Kd5 Rc7 48. Kxc4 Re7 49. Rxc5 Re4+ 50. Kb5 Rxf4 51.
Kxa5 Rf5 52. b4 g5 53. Rxf5+ Kxf5 54. b5 g4 55. b6 g3 56. b7 g2 57. b8=Q g1=Q 58.
Qb5+ Ke4 59. Qb4+ Kf5 60. Qf8+ Ke6 61. Qe8+ Kd5 62. Qd7+ 1-0

[Event "Live Chess"]
[Site "Chess.com"]
[Date "2023.05.21"]
[Round "-"]
[White "kerryman1969"]
[Black "toxic_rabbit"]
[Result "1/2-1/2"]
[WhiteElo "1167"]
[BlackElo "1988"]
[TimeControl "300"]
[EndTime "0:06:33 PDT"]
[Termination "Game drawn by repetition"]

1. d4 c5 2. d5 Nf6 3. c4 b5 4.
e3 bxc4 5. Bxc4 d6 6. Nf3 g6 7. O-O Bg7 8. Nc3 Bd7 9. Bd2 Bg4 10. e4 Bxf3 11. Qxf3 Nbd7 12. Qe2 O-O 13. f4 Ne8 14. Rae1 Nc7 15. Bb3 Nb6 16. Na4 Qd7 17. Nxb6 axb6 18.
Bc3 b5 19. Bxg7 Kxg7 20. e5 c4 21. Bc2 Nxd5 22. Be4 e6 23. Qf3 dxe5 24. fxe5 Rad8 25. Rd1 Qa7+ 26. Kh1 Ne3 27. Rxd8 Rxd8 28. Qf6+ Kh6 29. Qh4+ Kg7 30. Qf6+ Kh6 31. Qh4+ Kg7 32. Qf6+ 1/2-1/2

[Event "Live Chess"]
[Site "Chess.com"]
[Date "2023.05.21"]
[Round "-"]
[White "DaveL5678"]
[Black "profpirate4"]
[Result "0-1"]
[WhiteElo "1006"]
[BlackElo "1265"]
[TimeControl "300"]
[EndTime "0:07:07 PDT"]
[Termination "profpirate4 won by checkmate"]

1. e4 c5 2. b3 d6 3. Bb2 Nc6 4. Nc3 a6 5. f4 Nf6 6. Nf3 b5 7.
e5 dxe5 8. fxe5 Ng4 9. Qe2 Nd4 10. Nxd4 cxd4 11. Nd5 Qxd5 12. h3 Nxe5 13. O-O-O e6 14. Qh5 Bb7 15. Qh4 Bc5 16. Re1 Rc8 17. Qg3 Ng6 18. h4 O-O 19. Bd3 e5 20. Be4 Qd7 21.
Bxg6 fxg6 22. Qxe5 Rfe8 23. Qg3 Rxe1+ 24. Rxe1 Qc6 25.
Qe5 Bd6 26. Qe6+ Kh8 27. Bxd4 Qxc2# 0-1

[Event "Live Chess"]
[Site "Chess.com"]
[Date "2023.05.21"]
[Round "-"]
[White "Tushinskiy"]
[Black "EdenHazard8"]
[Result "1-0"]
[WhiteElo "2169"]
[BlackElo "1960"]
[TimeControl "300"]
[EndTime "0:07:21 PDT"]
[Termination "Tushinskiy won by resignation"]

1. d4 c6 2. c3 d5 3. Bf4 Bf5 4. e3 e6 5. Nd2 Bd6 6. Bg3 Nf6 7. Ngf3 Ne4 8. Nxe4 Bxe4 9. Bd3 Bxd3 10. Qxd3 h6 11.
e4 dxe4 12. Qxe4 Bxg3 13. hxg3 Nd7 14. Qe2 Nf6 15. O-O-O Qa5 16. Kb1 O-O-O 17. Ne5 Rhf8 18. a3 Nd7 19. Nc4 Qd5 20. Rh5 f5 21. f3 Nf6 22.
Rhh1 Rfe8 23. Rhe1 Nh5 24. Ne3 Qd7 25. Qf2 g5 26. Nc4 f4 27. g4 Qh7+ 28. Ka1 Nf6 29. Re5 Nd5 30. Rde1 Qg6 31. Qd2 Rd7 32. R1e4 b5 33.
Na5 Rd6 34. Qe2 Ne3 35. g3 Rf8 36. gxf4 gxf4 37. Rc5 Kd7 38. Nb3 Rd5 39. Rxd5+ exd5 40. Nc5+ Kd8 41. Ne6+ Kc8 42. Nxf8 1-0